General information
- name: BNet
- type: Ladder 1vs1/FFA
- host: Battle.net
- saver: GreedoftheNoob
map: EchoIsles
- players: 2
- length: 32:45
- speed: Fast
- version: 1.21 W3XP
- replay type: Public
» download(97 KB)
Players
team 1 (winner)
GreedoftheNoob (
green | 79 APM | 2598 actions | 32:45)
6 Archmage
3 Summon Water Elemental
2 Brilliance Aura
1 Mass Teleport
4 Blood Mage
2 Flame Strike
2 Siphon Mana
» actions
| Assign group hotkey | 45 | |
| Basic commands | 213 | |
| Build / train | 120 | |
| ESC pressed | 3 | |
| Enter build submenu | 57 | |
| Enter hero's abilities submenu | 10 | |
| Give item / drop item | 1 | |
| Remove unit from queue | 2 | |
| Right click | 878 | |
| Select / deselect | 688 | |
| Select group hotkey | 463 | |
| Use ability | 118 | |
2598 total
» units
| Peasant | 30 | |
| Footman | 9 | |
| Forest Troll Shadow Priest | 2 | |
| Forest Troll Berserker | 1 | |
| Sorceress | 3 | |
| Spell Breaker | 4 | |
| Knight | 2 | |
| Gryphon Rider | 2 | |
| Priest | 3 | |
| Dragonhawk Rider | 2 | |
58 total
» upgrades
| Lumber Harvesting | 2 | |
| Masonry | 2 | |
| Defend | 1 | |
| Swords | 3 | |
| Plating | 3 | |
| Animal War Training | 2 | |
| Magic Sentry | 1 | |
| Cloud | 1 | |
| Priest Training | 1 | |
16 total
» buildings
| Altar of Kings | 2 | |
| Farm | 19 | |
| Barracks | 3 | |
| Scout Tower | 14 | |
| Arcane Tower | 1 | |
| Lumber Mill | 2 | |
| Guard Tower | 9 | |
| Town Hall | 4 | |
| Keep | 2 | |
| Arcane Sanctum | 3 | |
| Blacksmith | 1 | |
| Castle | 2 | |
| Arcane Vault | 1 | |
| Gryphon Aviary | 2 | |
65 total
» build order
00:07 Altar of Kings
00:18 Farm
00:21 Farm
00:34 Barracks
01:49 Scout Tower
01:52 Farm
02:24 Arcane Tower
03:40 Lumber Mill
03:41 Farm
04:12 Scout Tower
04:34 Scout Tower
04:37 Scout Tower
04:45 Farm
04:52 Guard Tower
04:56 Town Hall
05:02 Town Hall
05:04 Guard Tower
05:14 Scout Tower
07:04 Keep
07:27 Scout Tower
07:41 Guard Tower
07:42 Scout Tower
07:56 Scout Tower
07:58 Guard Tower
08:10 Guard Tower
08:12 Scout Tower
08:27 Farm
08:30 Guard Tower
08:39 Town Hall
09:13 Farm
11:55 Arcane Sanctum
11:59 Blacksmith
12:03 Arcane Sanctum
13:11 Castle
13:47 Farm
13:52 Arcane Vault
14:09 Farm
16:33 Barracks
17:15 Gryphon Aviary
17:17 Gryphon Aviary
17:41 Farm
17:45 Farm
17:45 Farm
19:19 Farm
19:42 Farm
20:27 Keep
22:42 Barracks
22:47 Farm
22:48 Farm
23:26 Farm
23:34 Farm
23:53 Altar of Kings
24:04 Scout Tower
24:14 Town Hall
24:26 Scout Tower
24:29 Scout Tower
24:37 Lumber Mill
24:47 Scout Tower
24:52 Scout Tower
25:53 Castle
25:59 Guard Tower
26:44 Guard Tower
28:14 Guard Tower
30:20 Arcane Sanctum
31:51 Farm
» items
| Potion of Lesser Invulnerability | 1 | |
| Scroll of Healing | 3 | |
| Scroll of Protection | 3 | |
| Scroll of Regeneration | 1 | |
| Potion of Healing | 1 | |
| Potion of Mana | 1 | |
| Staff of Sanctuary | 1 | |
| Scroll of Town Portal | 4 | |
15 total
team 2 (loser)
zhl2283682 (
teal | 36 APM | 1183 actions | 32:44)
5 Archmage
3 Summon Water Elemental
1 Brilliance Aura
1 Blizzard
» actions
| Assign group hotkey | 1 | |
| Basic commands | 25 | |
| Build / train | 98 | |
| Enter build submenu | 37 | |
| Enter hero's abilities submenu | 6 | |
| Give item / drop item | 2 | |
| Right click | 428 | |
| Select / deselect | 489 | |
| Use ability | 97 | |
1183 total
» units
| Peasant | 8 | |
| Footman | 8 | |
| Forest Troll Shadow Priest | 1 | |
| Forest Troll Berserker | 1 | |
| Rifleman | 8 | |
| Flying Machine | 1 | |
| Mortar Team | 19 | |
| Priest | 3 | |
| Sorceress | 7 | |
56 total
» upgrades
| Masonry | 2 | |
| Gunpowder | 2 | |
| Armor | 2 | |
| Lumber Harvesting | 1 | |
| Flare | 1 | |
| Sorceress Training | 1 | |
9 total
» buildings
| Altar of Kings | 1 | |
| Barracks | 1 | |
| Farm | 11 | |
| Scout Tower | 14 | |
| Arcane Tower | 1 | |
| Keep | 1 | |
| Lumber Mill | 1 | |
| Blacksmith | 1 | |
| Guard Tower | 12 | |
| Arcane Vault | 1 | |
| Arcane Sanctum | 1 | |
| Workshop | 1 | |
| Cannon Tower | 4 | |
| Town Hall | 1 | |
51 total
» build order
00:10 Altar of Kings
00:13 Barracks
00:25 Farm
00:49 Farm
01:42 Scout Tower
02:12 Farm
02:19 Arcane Tower
03:29 Keep
03:51 Scout Tower
03:55 Lumber Mill
04:30 Blacksmith
05:01 Guard Tower
05:07 Arcane Vault
07:03 Scout Tower
07:07 Arcane Sanctum
07:34 Guard Tower
07:41 Workshop
08:25 Farm
08:32 Farm
09:23 Scout Tower
09:30 Scout Tower
09:53 Cannon Tower
10:03 Guard Tower
10:40 Farm
10:46 Farm
11:01 Guard Tower
11:14 Farm
11:32 Farm
11:55 Scout Tower
12:27 Guard Tower
13:02 Farm
13:55 Scout Tower
13:56 Scout Tower
13:58 Guard Tower
14:01 Guard Tower
14:07 Farm
14:28 Cannon Tower
14:32 Scout Tower
14:58 Cannon Tower
15:11 Guard Tower
15:14 Scout Tower
15:48 Cannon Tower
16:46 Scout Tower
16:55 Guard Tower
17:07 Scout Tower
17:37 Guard Tower
17:45 Scout Tower
18:19 Guard Tower
19:04 Scout Tower
20:19 Town Hall
20:28 Guard Tower
» items
| Potion of Healing | 1 | |
| Ivory Tower | 7 | |
| Scroll of Town Portal | 1 | |
9 total
Chat log
(00:09 / All) GreedoftheNoob: gl hf
(00:20 / All) zhl2283682: 好
(32:41 / All) zhl2283682: gg
(32:44 / All) GreedoftheNoob: gg